Map: Romanticide LE

Players

AGOElazer (Elazer)

  • Race: Zerg Zerg
  • League: Grandmaster

LiquidClem (Clem) - Winner!

  • Race: Terran Terran
  • League: Grandmaster

Event: DreamHack SC2 Masters 2021 Summer

VOD

Have the link to the VOD?

Description

Time

  • Played on: May 30, 2021, 11:04 a.m.
  • Length: 8:15

All games in this series

Show
View Real Time Build Order
Export as new Build Order

AGOElazer Zerg 

Build Orders: Hatch First 

Get SALT Encoding   

  12  0:00  Drone  
  13  0:12  Overlord  
  13  0:17  Drone  
  14  0:31  Drone x2  
  16  0:49  Hatchery  
  15  0:51  Drone  
  15  0:54  Drone  
  17  0:58  Drone  
  18  1:09  Extractor  
  17  1:12  Spawning Pool  
  17  1:16  Drone  
  17  1:19  Drone  
  18  1:28  Drone  
  19  1:38  Drone  
  20  1:49  Drone  
  21  2:00  Queen x2  
  25  2:01  Zergling x4  
  27  2:11  Drone  
  27  2:12  Overlord  
  28  2:20  Hatchery  
  27  2:23  Drone  
  28  2:32  Drone  
  28  2:33  Drone x2  
  30  2:39  Metabolic Boost  
  30  2:45  Queen  
  30  2:50  Drone  
  32  2:52  Overlord  
  32  2:58  Drone x2  
  34  3:04  Drone  
  35  3:08  Overlord  
  35  3:10  Queen  
  35  3:12  Drone  
  42  3:20  Drone x4  
  42  3:26  Queen  
  44  3:31  Drone x2  
  46  3:35  Queen  
  46  3:40  Zergling x2  
  46  3:41  Zergling x6  
  52  3:45  Zergling x4  
  54  3:49  Overlord  
  54  3:53  Drone x2  
  56  3:57  Drone x2  
  56  4:01  Overlord  
  58  4:08  Queen  
  60  4:12  Drone x5  
  60  4:14  Overlord  
  65  4:18  Drone  
  66  4:24  Drone x2  
  66  4:26  Lair  
  66  4:30  Drone  
  69  4:35  Overlord  
  69  4:36  Drone x3  
  69  4:38  Drone x4  
  76  4:45  Extractor  
  75  4:46  Extractor, Queen  
  75  4:47  Baneling Nest  
  75  4:49  Drone x3  
  75  4:52  Extractor  
  76  4:53  Drone  
  76  4:54  Drone  
  76  4:57  Drone x2  
  80  5:01  Overlord  
  80  5:04  Drone  
  80  5:06  Drone  
  82  5:13  Drone x2  
  82  5:14  Drone, Overlord  
  85  5:16  Zergling x8  
  85  5:20  Hatchery  
  88  5:26  Zergling x12  
  94  5:29  Centrifical Hooks  
  94  5:32  Evolution Chamber  
  94  5:33  Evolution Chamber  
  94  5:35  Baneling x4  
  92  5:36  Zergling x10  
  96  5:46  Overlord  
  96  5:47  Drone x2  
  98  5:51  Drone  
  98  5:55  Drone x6  
  104  5:58  Zerg Ground Armor Level 1  
  104  6:03  Zerg Melee Weapons Level 1  
  104  6:04  Drone x4  
  104  6:06  Drone x2  
  104  6:09  Overlord  
  110  6:15  Zergling x4  
  110  6:16  Hatchery  
  110  6:18  Zergling x2  
  110  6:23  Zergling x2  
  112  6:26  Overlord  
  112  6:29  Zergling x2  
  112  6:30  Zergling x6  
  114  6:34  Zergling x2  
  114  6:35  Zergling x6  
  114  6:37  Zergling x2  
  114  6:38  Zergling x6  
  122  6:41  Overlord  
  122  6:45  Drone  
  123  6:47  Zergling x4, Spore Crawler  
  123  6:54  Baneling x9, Overseer  
  123  6:55  Pneumatized Carapace  
  123  6:57  Zergling x8  
  127  7:02  Overlord  
  127  7:06  Zergling x2  
  127  7:07  Zergling x22  
  137  7:12  Zergling x4  
  139  7:17  Baneling  
  139  7:18  Baneling x11  
  139  7:19  Overlord  
  139  7:20  Zergling x2  
  140  7:25  Zergling x4  
  136  7:31  Overlord  
  136  7:32  Baneling x8  
  136  7:36  Zergling x6  
  135  7:42  Zergling x10  
  125  7:46  Zergling x2  
  125  7:47  Zergling x2  
  125  7:49  Baneling x4  
  121  7:56  Zergling x16  
  121  7:57  Zergling x6  
Show
View Real Time Build Order
Export as new Build Order

LiquidClem Terran - Winner!

Build Orders: Reaper Expand 

Get SALT Encoding   

  12  0:00  SCV  
  13  0:12  SCV  
  14  0:16  Supply Depot  
  14  0:24  SCV  
  15  0:38  SCV  
  15  0:39  Barracks  
  15  0:42  Refinery  
  16  0:50  SCV  
  17  1:02  SCV  
  18  1:14  SCV  
  19  1:26  Reaper, Orbital Command  
  20  1:38  Command Center  
  20  1:47  Supply Depot  
  20  1:52  SCV  
  21  1:57  Marine  
  22  2:04  SCV  
  23  2:10  Factory  
  23  2:16  SCV  
  23  2:19  Barracks Reactor  
  24  2:28  SCV  
  25  2:40  SCV, Command Center  
  26  2:50  Orbital Command  
  26  2:52  SCV  
  27  3:00  Barracks  
  27  3:04  SCV  
  27  3:05  Barracks Tech Lab  
  28  3:08  Hellion  
  30  3:13  Hellion  
  30  3:16  SCV  
  30  3:17  SCV  
  34  3:24  Marine  
  34  3:25  Stimpack  
  35  3:27  Refinery  
  35  3:29  SCV  
  35  3:30  SCV  
  37  3:41  SCV  
  38  3:42  SCV, Marine  
  40  3:51  Starport  
  40  3:52  Orbital Command  
  40  3:53  SCV  
  40  3:55  Marine x2  
  41  3:56  SCV  
  41  3:59  Factory Reactor, Supply Depot  
  41  4:00  Marine  
  45  4:06  SCV  
  45  4:08  SCV  
  47  4:13  Marine x2  
  49  4:18  SCV x2, Marine  
  49  4:21  SCV  
  49  4:22  Supply Depot  
  49  4:24  Barracks  
  53  4:30  SCV  
  53  4:31  Orbital Command, Marine  
  53  4:32  Refinery  
  53  4:33  SCV  
  53  4:34  Marine  
  53  4:35  Marine  
  57  4:42  SCV  
  57  4:43  Factory Tech Lab, Medivac x2  
  57  4:45  Refinery, Supply Depot  
  62  4:46  SCV  
  62  4:49  Marine  
  62  4:52  Marine  
  65  4:53  Marine  
  65  4:57  SCV  
  65  4:58  SCV, Engineering Bay  
  65  4:59  Engineering Bay  
  68  5:00  SCV  
  68  5:06  Marine  
  70  5:09  SCV, Supply Depot  
  70  5:10  Marine  
  70  5:11  SCV  
  70  5:12  Barracks Reactor  
  70  5:13  Marine  
  74  5:15  SCV  
  74  5:21  SCV, Combat Shield  
  75  5:22  Supply Depot  
  75  5:24  Marine  
  75  5:26  Terran Infantry Armor Level 1, Terran Infantry Weapons Level 1  
  75  5:27  SCV  
  78  5:29  SCV  
  78  5:32  Marine, Supply Depot  
  81  5:40  SCV  
  81  5:42  Marine, Siege Tank  
  85  5:43  SCV  
  85  5:44  SCV  
  85  5:49  Marine  
  87  5:51  Barracks  
  87  5:52  Marine x2  
  87  5:53  SCV, Barracks  
  87  5:54  Marine  
  91  5:59  SCV x2, Supply Depot  
  91  6:00  Marine  
  94  6:06  Refinery, SCV  
  94  6:07  Marine  
  94  6:09  Supply Depot  
  94  6:10  Factory  
  94  6:11  SCV, Marine  
  97  6:13  Marine  
  97  6:14  Marine  
  97  6:16  SCV  
  97  6:18  Marine  
  102  6:19  Siege Tank  
  102  6:22  Armory  
  102  6:25  SCV, Marine  
  107  6:26  SCV  
  107  6:31  SCV, Medivac x2  
  113  6:37  SCV, Marine x2, Supply Depot  
  113  6:38  SCV  
  117  6:41  Barracks Reactor x2  
  117  6:42  Marine x2  
  117  6:43  SCV  
  120  6:48  Supply Depot  
  120  6:49  SCV, Marine  
  122  6:54  Factory Reactor  
  122  6:55  Marine  
  122  6:57  Command Center  
  122  6:59  Widow Mine  
  122  7:00  Marine  
  126  7:01  Refinery, Marine  
  126  7:05  SCV x2, Marine  
  126  7:06  SCV  
  131  7:09  Marine  
  131  7:10  Supply Depot x2  
  131  7:12  Marine, Supply Depot  
  133  7:18  Marine  
  133  7:19  Marine  
  133  7:20  Widow Mine  
  137  7:22  Marine  
  137  7:26  Marine x2  
  137  7:27  Marine  
  141  7:31  Marine  
  141  7:32  Supply Depot  
  141  7:33  Widow Mine, Marine x2  
  141  7:35  Medivac  
  141  7:36  Marine  
  148  7:44  Marine x3  
  141  7:46  Marine x2  
  141  7:47  Widow Mine x2  
  141  7:49  Marine  
  141  7:50  SCV x2  
  141  7:51  Marine x2  
  131  7:55  Marine  
  122  7:59  SCV  
  122  8:02  SCV  
Tags
 
Add a new tag
Caveats
  • Supply blocks, unpowered buildings, or Contaminate may cause inaccurate times.
  • Supply counts are checked every 10 seconds.